TOP OF THE 1ST |
Iowa Cubs batting - Pitching for Louisville Bats : RHP Justin Ezzell
|
Pitching: RHP Justin Ezzell
|
|
Batting: RHB Frank Caulfield
|
0-0: Ball 1-0: Foul Ball, location: 2F 1-1: Ball 2-1: Called Strike 2-2: Foul Ball, location: 2F 2-2: Fly out, F8 (Flyball, 8RD, EV 105.0 MPH)
|
Batting: RHB Adam Kelliher
|
0-0: Called Strike 0-1: Ball 1-1: Foul Ball, location: 2F 1-2: Ball 2-2: Ball 3-2: Strikes out swinging
|
Batting: RHB Ryan Walker
|
0-0: Foul Ball, location: 2F 0-1: Foul Ball, location: 2F 0-2: Ball 1-2: DOUBLE (Groundball, 5L, EV 96.9 MPH)
|
Batting: LHB Wing-tat Tai
|
0-0: Swinging Strike 0-1: Ball 1-1: Foul Ball, location: 2F 1-2: Ball 2-2: Ground out 5-3 (Groundball, 56S, EV 88.8 MPH)
|
Top of the 1st over - 0 runs, 1 hit, 0 errors, 1 left on base; Iowa 0 - Louisville 0 |
BOTTOM OF THE 1ST |
Louisville Bats batting - Pitching for Iowa Cubs : LHP Jose Urena
|
Pitching: LHP Jose Urena
|
|
Batting: RHB Takanibu Kaneshiro
|
0-0: Ball 1-0: Ground out 4-3 (Groundball, 4, EV 102.5 MPH)
|
Batting: SHB Freddie Farrar
|
0-0: Swinging Strike 0-1: Ball 1-1: Swinging Strike 1-2: SOLO HOME RUN (Flyball, 7D, EV 106.9 MPH), Distance : 403 ft
|
Batting: LHB Jamie Spangenberg
|
0-0: Called Strike 0-1: Ball 1-1: Ball 2-1: Swinging Strike 2-2: Foul Ball, location: 2F 2-2: Foul Ball, location: 2F 2-2: Strikes out looking
|
Batting: RHB Bruno André
|
0-0: Called Strike 0-1: Called Strike 0-2: Foul Ball, location: 2F 0-2: Ball 1-2: Strikes out swinging
|
Bottom of the 1st over - 1 run, 1 hit, 0 errors, 0 left on base; Iowa 0 - Louisville 1 |
TOP OF THE 2ND |
Iowa Cubs batting - Pitching for Louisville Bats : RHP Justin Ezzell
|
Batting: LHB Mark Ingram
|
0-0: Ball 1-0: Called Strike 1-1: Ball 2-1: Ground out 4-3 (Groundball, 4, EV 93.1 MPH)
|
Batting: RHB Brad Santanello
|
0-0: Ground out 4-3 (Groundball, 34D, EV 83.1 MPH)
|
Batting: RHB Ricardo Aguinaga
|
0-0: Ball 1-0: Ground out 4-3 (Groundball, 4, EV 91.2 MPH)
|
Top of the 2nd over - 0 runs, 0 hits, 0 errors, 0 left on base; Iowa 0 - Louisville 1 |
BOTTOM OF THE 2ND |
Louisville Bats batting - Pitching for Iowa Cubs : LHP Jose Urena
|
Batting: RHB Jonathan Robies
|
0-0: Foul Ball, location: 2F 0-1: Ball 1-1: Foul Ball, location: 2F 1-2: Foul Ball, location: 2F 1-2: SINGLE (Groundball, 3D, EV 101.9 MPH)
|
Batting: LHB Leo Gomez
|
0-0: Fielders Choice at 2nd, 5-4 (Groundball, 15, EV 84.4 MPH)
|
Batting: RHB Won-jun Park
|
0-0: Ball 1-0: Called Strike 1-1: Ball Leo Gomez steals 2nd base 2-1: Foul Ball, location: 2F 2-2: Ground out 6-3 (Groundball, 6, EV 85.0 MPH) Leo Gomez to third
|
Batting: RHB Danny Real
|
0-0: Ground out 1-3 (Groundball, 13S, EV 69.4 MPH)
|
Bottom of the 2nd over - 0 runs, 1 hit, 0 errors, 1 left on base; Iowa 0 - Louisville 1 |
TOP OF THE 3RD |
Iowa Cubs batting - Pitching for Louisville Bats : RHP Justin Ezzell
|
Batting: RHB Tim Long
|
0-0: Ball 1-0: Called Strike 1-1: DOUBLE (Line Drive, 89XD, EV 107.5 MPH)
|
Batting: RHB Khalil Stephens
|
0-0: Ball 1-0: Ball 2-0: Ball 3-0: Base on Balls
|
Batting: RHB Frank Caulfield
|
0-0: Ball Passed Ball! Tim Long to third Khalil Stephens to second 1-0: Called Strike 1-1: Ball 2-1: Ground out 3-1 (Groundball, 13, EV 78.8 MPH) Tim Long scores Khalil Stephens to third
|
Batting: RHB Adam Kelliher
|
0-0: Called Strike 0-1: Foul Ball, location: 2F 0-2: Strikes out looking
|
Batting: RHB Ryan Walker
|
0-0: Called Strike 0-1: Foul Ball, location: 2F 0-2: Ball 1-2: Strikes out swinging
|
Top of the 3rd over - 1 run, 1 hit, 0 errors, 1 left on base; Iowa 1 - Louisville 1 |
BOTTOM OF THE 3RD |
Louisville Bats batting - Pitching for Iowa Cubs : LHP Jose Urena
|
Batting: SHB Paul Sandoval
|
0-0: Foul Ball, location: 2F 0-1: Ball 1-1: Ground out 3-1 (Groundball, 34, EV 78.1 MPH)
|
Batting: RHB Takanibu Kaneshiro
|
0-0: Called Strike 0-1: Ball 1-1: Ball 2-1: Swinging Strike 2-2: Foul Ball, location: 2F 2-2: Ball 3-2: Base on Balls
|
Batting: SHB Freddie Farrar
|
0-0: Ball 1-0: Called Strike 1-1: SINGLE (Groundball, 6S, EV 67.5 MPH) (infield hit) Takanibu Kaneshiro to second
|
Batting: LHB Jamie Spangenberg
|
0-0: Called Strike 0-1: Called Strike 0-2: Ball 1-2: Ball 2-2: Ball 3-2: Strikes out looking
|
Batting: RHB Bruno André
|
0-0: Foul Ball, location: 2F 0-1: Fielders Choice at 2nd, 6-4 (Groundball, 6, EV 82.5 MPH)
|
Bottom of the 3rd over - 0 runs, 1 hit, 0 errors, 2 left on base; Iowa 1 - Louisville 1 |
TOP OF THE 4TH |
Iowa Cubs batting - Pitching for Louisville Bats : RHP Justin Ezzell
|
Batting: LHB Wing-tat Tai
|
0-0: Called Strike 0-1: Foul Ball, location: 2F 0-2: Strikes out looking
|
Batting: LHB Mark Ingram
|
0-0: Foul Ball, location: 2F 0-1: Swinging Strike 0-2: Ball 1-2: Ball 2-2: Foul Ball, location: 2F 2-2: Ground out 6-3 (Groundball, 6, EV 105.0 MPH)
|
Batting: RHB Brad Santanello
|
0-0: DOUBLE (Line Drive, 9LS, EV 98.1 MPH) - OUT at third base trying to stretch hit.
|
Top of the 4th over - 0 runs, 1 hit, 0 errors, 0 left on base; Iowa 1 - Louisville 1 |
BOTTOM OF THE 4TH |
Louisville Bats batting - Pitching for Iowa Cubs : LHP Jose Urena
|
Batting: RHB Jonathan Robies
|
0-0: Ball 1-0: Ground out 5-3 (Groundball, 5, EV 91.2 MPH)
|
Batting: LHB Leo Gomez
|
0-0: Ball 1-0: Fly out, F7 (Flyball, 78M, EV 84.4 MPH)
|
Batting: RHB Won-jun Park
|
0-0: Called Strike 0-1: DOUBLE (Line Drive, 78XD, EV 101.9 MPH)
|
Batting: RHB Danny Real
|
0-0: Ball 1-0: Foul Ball, location: 2F 1-1: Called Strike 1-2: Foul Ball, location: 2F 1-2: Ball 2-2: Foul Ball, location: 2F 2-2: Strikes out swinging
|
Bottom of the 4th over - 0 runs, 1 hit, 0 errors, 1 left on base; Iowa 1 - Louisville 1 |
TOP OF THE 5TH |
Iowa Cubs batting - Pitching for Louisville Bats : RHP Justin Ezzell
|
Batting: RHB Ricardo Aguinaga
|
0-0: Ball 1-0: Called Strike 1-1: Ball 2-1: Foul Ball, location: 2F 2-2: Foul Ball, location: 2F 2-2: Strikes out looking
|
Batting: RHB Tim Long
|
0-0: Ball 1-0: Called Strike 1-1: Ball 2-1: Called Strike 2-2: Foul Ball, location: 2F 2-2: Ground out 5-3 (Groundball, 56S, EV 87.5 MPH)
|
Batting: RHB Khalil Stephens
|
0-0: Called Strike 0-1: Ball 1-1: Foul Ball, location: 2F 1-2: Ball 2-2: Ground out U3 (Groundball, 3, EV 93.1 MPH)
|
Top of the 5th over - 0 runs, 0 hits, 0 errors, 0 left on base; Iowa 1 - Louisville 1 |
BOTTOM OF THE 5TH |
Louisville Bats batting - Pitching for Iowa Cubs : LHP Jose Urena
|
Batting: SHB Paul Sandoval
|
0-0: Ground out 5-3 (Groundball, 56S, EV 68.1 MPH)
|
Batting: RHB Takanibu Kaneshiro
|
0-0: Called Strike 0-1: DOUBLE (Line Drive, 7LD, EV 104.4 MPH)
|
Batting: SHB Freddie Farrar
|
0-0: SINGLE (Groundball, 4MD, EV 103.1 MPH) Takanibu Kaneshiro to third Runner from 3rd tries for Home, SAFE, throw by CF to home Freddie Farrar to second
|
Batting: LHB Jamie Spangenberg
|
0-0: Ball 1-0: Called Strike 1-1: Foul Ball, location: 2F 1-2: Strikes out swinging
|
Batting: RHB Bruno André
|
0-0: Swinging Strike 0-1: Ball 1-1: Ball 2-1: Ball 3-1: Ground out 5-3 (Groundball, 56S, EV 80.0 MPH)
|
Bottom of the 5th over - 1 run, 2 hits, 0 errors, 1 left on base; Iowa 1 - Louisville 2 |
TOP OF THE 6TH |
Iowa Cubs batting - Pitching for Louisville Bats : RHP Justin Ezzell
|
Batting: RHB Frank Caulfield
|
0-0: Ball 1-0: Ground out 6-3 (Groundball, 6, EV 103.8 MPH)
|
Batting: RHB Adam Kelliher
|
0-0: Swinging Strike 0-1: Ball 1-1: Bunted foul 1-2: Ground out 5-3 (Groundball, 5S, EV 68.1 MPH)
|
Batting: RHB Ryan Walker
|
0-0: Fly out, F8 (Flyball, 8RD, EV 90.6 MPH)
|
Top of the 6th over - 0 runs, 0 hits, 0 errors, 0 left on base; Iowa 1 - Louisville 2 |
BOTTOM OF THE 6TH |
Louisville Bats batting - Pitching for Iowa Cubs : LHP Jose Urena
|
Batting: RHB Jonathan Robies
|
0-0: Called Strike 0-1: Ball 1-1: Foul Ball, location: 2F 1-2: Foul Ball, location: 2F 1-2: Strikes out swinging
|
Batting: LHB Leo Gomez
|
0-0: Ball 1-0: Swinging Strike 1-1: Swinging Strike 1-2: Strikes out swinging
|
Batting: RHB Won-jun Park
|
0-0: Swinging Strike 0-1: Called Strike 0-2: Foul Ball, location: 2F 0-2: Foul Ball, location: 2F 0-2: Ball 1-2: Hit by Pitch
|
Pitching: LHP Bill Esten
|
|
Batting: RHB Danny Real
|
0-0: Ball 1-0: TRIPLE (Line Drive, 89XD, EV 107.5 MPH) Won-jun Park scores
|
Batting: SHB Paul Sandoval
|
0-0: Called Strike 0-1: Ground out 1-3 (Groundball, 13S, EV 69.4 MPH)
|
Bottom of the 6th over - 1 run, 1 hit, 0 errors, 1 left on base; Iowa 1 - Louisville 3 |
TOP OF THE 7TH |
Iowa Cubs batting - Pitching for Louisville Bats : RHP Justin Ezzell
|
Batting: LHB Wing-tat Tai
|
0-0: Fly out, F5 (Popup, 6S, EV 76.9 MPH)
|
Batting: LHB Mark Ingram
|
0-0: Called Strike 0-1: Swinging Strike 0-2: Ball 1-2: Strikes out swinging
|
Batting: RHB Brad Santanello
|
0-0: SINGLE (Popup, 4MD, EV 66.2 MPH)
|
Batting: RHB Ricardo Aguinaga
|
0-0: Called Strike 0-1: Called Strike 0-2: Foul Ball, location: 2F 0-2: Foul Ball, location: 2F 0-2: Ball 1-2: DOUBLE (Flyball, 8LXD, EV 105.0 MPH) Brad Santanello to third Runner from 3rd tries for Home, SAFE, throw by CF to home
|
Pitching: RHP Junpei Yamazaki
|
|
Batting: RHB Tim Long
|
0-0: Ball 1-0: Called Strike 1-1: Fly out, F7 (Flyball, 7D, EV 101.9 MPH)
|
Top of the 7th over - 1 run, 2 hits, 0 errors, 1 left on base; Iowa 2 - Louisville 3 |
BOTTOM OF THE 7TH |
Louisville Bats batting - Pitching for Iowa Cubs : LHP Bill Esten
|
Batting: RHB Takanibu Kaneshiro
|
0-0: Called Strike 0-1: Ball 1-1: Ball 2-1: Swinging Strike 2-2: Strikes out looking
|
Batting: SHB Freddie Farrar
|
0-0: Ball 1-0: Ball 2-0: Called Strike 2-1: Ball 3-1: Fly out, F4 (Popup, 23, EV 89.4 MPH)
|
Batting: LHB Jamie Spangenberg
|
0-0: Ground out U3 (Groundball, 3S, EV 85.0 MPH)
|
Bottom of the 7th over - 0 runs, 0 hits, 0 errors, 0 left on base; Iowa 2 - Louisville 3 |
TOP OF THE 8TH |
Iowa Cubs batting - Pitching for Louisville Bats : RHP Junpei Yamazaki
|
Batting: RHB Khalil Stephens
|
0-0: Ball 1-0: Called Strike 1-1: Called Strike 1-2: Foul Ball, location: 2F 1-2: Strikes out swinging
|
Batting: RHB Frank Caulfield
|
0-0: Swinging Strike 0-1: Ball 1-1: Called Strike 1-2: Foul Ball, location: 2F 1-2: Ball 2-2: Ground out 6-3 (Groundball, 6, EV 79.4 MPH)
|
Batting: RHB Adam Kelliher
|
0-0: Foul Ball, location: 2F 0-1: Ball 1-1: Ball 2-1: SINGLE (Groundball, 4MS, EV 70.6 MPH) (infield hit)
|
Batting: RHB Ryan Walker
|
0-0: Ball 1-0: Fly out, F9 (Flyball, 89M, EV 91.2 MPH)
|
Top of the 8th over - 0 runs, 1 hit, 0 errors, 1 left on base; Iowa 2 - Louisville 3 |
BOTTOM OF THE 8TH |
Louisville Bats batting - Pitching for Iowa Cubs : LHP Bill Esten
|
Pitching: RHP Jorge Mora
|
|
Batting: RHB Bruno André
|
0-0: Called Strike 0-1: Foul Ball, location: 2F 0-2: Ball 1-2: Foul Ball, location: 2F 1-2: Strikes out looking
|
Batting: RHB Jonathan Robies
|
0-0: Fly out, F9 (Flyball, 9, EV 95.0 MPH)
|
Batting: LHB Leo Gomez
|
0-0: Foul Ball, location: 2F 0-1: Ball 1-1: Foul Ball, location: 2F 1-2: Strikes out looking
|
Bottom of the 8th over - 0 runs, 0 hits, 0 errors, 0 left on base; Iowa 2 - Louisville 3 |
TOP OF THE 9TH |
Iowa Cubs batting - Pitching for Louisville Bats : RHP Junpei Yamazaki
|
Pitching: RHP Giovonni Morgia
|
|
Now at C: Won-jun Park
|
|
Now at 1B: Ben Hinman
|
|
Now at 2B: Jonathan Robies
|
|
Batting: LHB Wing-tat Tai
|
0-0: Ball 1-0: Foul Ball, location: 2F 1-1: Ball 2-1: Ball 3-1: Ground out 1-3 (Groundball, P, EV 68.8 MPH)
|
Batting: LHB Mark Ingram
|
0-0: Called Strike 0-1: Ball 1-1: Swinging Strike 1-2: Ball 2-2: Ground out 6-3 (Groundball, 6, EV 88.8 MPH)
|
Batting: RHB Brad Santanello
|
0-0: Fly out, F4 (Popup, 34, EV 70.0 MPH)
|
Top of the 9th over - 0 runs, 0 hits, 0 errors, 0 left on base; Iowa 2 - Louisville 3 |
|